 Dungeon Crawl Stone Soup version 0.19.5 (webtiles) character file.

280 slaughtererex the Slasher (level 6, -9/47 HPs)
             Began as a Demonspawn Gladiator on Mar 31, 2017.
             Was an Initiate of Yredelemnul.
             Killed by divine providence
             ... invoked by an orc priest
              (10 damage)
             ... on level 3 of the Dungeon on Apr 7, 2017.
             The game lasted 00:11:45 (3506 turns).

slaughtererex the Slasher (Demonspawn Gladiator)    Turns: 3506, Time: 00:11:48

Health: -9/47      AC: 11    Str: 17    XL:     6   Next: 5%
Magic:  6/6        EV: 13    Int: 10    God:    Yredelemnul [......]
Gold:   76         SH:  0    Dex: 13    Spells: 0 memorised, 5 levels left

rFire  . . .     SeeInvis .     a - +0 long sword
rCold  . . .     Gourm    .     b - +0 leather armour
rNeg   . . .     Faith    .     (no shield)
rPois  .         Spirit   .     c - +0 helmet
rElec  .         Reflect  .     (no cloak)
rCorr  .         Harm     .     (no gloves)
MR     .....                    j - +0 pair of boots
Stlth  +++.......               (no amulet)
                                (no ring)
                                (no ring)

@: lethally poisoned (-9 -> -13), sanguine armour
A: nightstalker 2, sanguine armour 1
a: Renounce Religion


You were on level 3 of the Dungeon.
You worshipped Yredelemnul.
Yredelemnul was noncommittal.
You were not hungry.

You visited 1 branch of the dungeon, and saw 3 of its levels.

You collected 76 gold pieces.

Inventory:

Hand Weapons
 a - a +0 long sword (weapon)
 f - a +0 mace of draining
Missiles
 d - 4 throwing nets (quivered)
 g - 4 tomahawks
Armour
 b - a +0 leather armour (worn)
 c - a +0 helmet (worn)
 j - a +0 pair of boots (worn)
Scrolls
 e - 4 scrolls of amnesia
 h - a scroll of identify
 i - a scroll of enchant weapon
 l - a scroll of magic mapping
 p - a scroll of teleportation
Comestibles
 k - 5 fruits
 o - a bread ration
 q - a meat ration


   Skills:
 + Level 3.0 Fighting
 + Level 4.5 Long Blades
 + Level 2.0 Throwing
 + Level 2.1 Armour
 + Level 3.3 Dodging
 + Level 1.0 Stealth


You had 5 spell levels left.
You didn't know any spells.

Dungeon Overview and Level Annotations

Branches:
Dungeon (3/15)

Altars:
Fedhas
Yredelemnul


Innate Abilities, Weirdness & Mutations

You are significantly more attuned to the shadows.
When seriously injured, your bleeding wounds create armour. (AC +6)


Message History

You are too injured to fight recklessly!
You are too injured to fight recklessly!
The adder closely misses you.
The orc priest hits you but does no damage.
The adder bites you.
* * * LOW HITPOINT WARNING * * *
You are poisoned.
The adder poisons you!
An orc and an orc priest come into view.
You feel sick. The orc closely misses you. The orc barely misses you.
The adder bites you.
* * * LOW HITPOINT WARNING * * *
You barely miss the orc. The orc hits you with a trident.
* * * LOW HITPOINT WARNING * * *
The adder bites you but does no damage. The orc hits you but does no damage.
The orc priest barely misses you.
The orc priest mumbles some strange prayers to Beogh against you.
Beogh smites you!
You die...
Your body rises from the dead as a mindless zombie.

##...#
#..............
..##..#
................
#.# #.#
#.#.............
#.# ..# ..
#..#)....#.....#
#.. .# #.
#..##.#########
..
####.####.....#
...........##.#
......S...PPP.#


.oo.o@ow?P.PP.# ......o..PP_P.# .........PPP.P# ..........PPP.# ...............
............. You could see a worm, 2 orc priests, an adder and 3 orcs.

Vanquished Creatures
  An ogre (D:2)
  6 gnolls (D:2)
  5 adders (D:2)
  An ooze (D:2)
  3 worms (D:2)
  3 dart slugs
  3 leopard geckos
  4 orcs (D:3)
  8 bats
  3 giant cockroaches
  8 goblins
  5 hobgoblins
  3 jackals (D:2)
  7 kobolds
  A quokka (D:2)
  3 frilled lizards
  10 rats
74 creatures vanquished.

Notes
Turn   | Place    | Note
-------+----------+-------------------------------------------
     0 | D:1      | slaughtererex the Demonspawn Gladiator began the quest for the Orb.
     0 | D:1      | Reached XP level 1. HP: 16/16 MP: 1/1
   151 | D:1      | Reached skill level 3 in Long Blades
   166 | D:1      | Gained mutation: When seriously injured, your bleeding wounds create armour. (AC +6) [demonic ancestry]
   166 | D:1      | Reached XP level 2. HP: 14/22 MP: 2/2
   911 | D:2      | Gained mutation: You are slightly more attuned to the shadows. [demonic ancestry]
   911 | D:2      | Reached XP level 3. HP: 25/27 MP: 3/3
  1077 | D:2      | HP: 1/27 [worm (9)]
  1603 | D:2      | Noticed an ogre
  1618 | D:2      | Killed an ogre
  1618 | D:2      | Reached skill level 4 in Long Blades
  1618 | D:2      | Reached skill level 1 in Armour
  1618 | D:2      | Gained mutation: You are significantly more attuned to the shadows. [demonic ancestry]
  1618 | D:2      | Reached XP level 4. HP: 34/34 MP: 4/4
  1618 | D:2      | Reached XP level 5. HP: 39/39 MP: 5/5
  1635 | D:2      | Gained mutation: Scrolls take you a little longer to read. [potion of mutation]
  1635 | D:2      | Gained mutation: You tend to lose your temper in combat. [potion of mutation]
  1635 | D:2      | Gained mutation: Your flesh is cold resistant. (rC+) [potion of mutation]
  2174 | D:2      | Reached skill level 1 in Stealth
  3297 | D:3      | Reached XP level 6. HP: 46/46 MP: 6/6
  3387 | D:3      | Found a basalt altar of Yredelemnul.
  3413 | D:3      | Became a worshipper of Yredelemnul the Dark
  3487 | D:3      | Found a blossoming altar of Fedhas.
  3499 | D:3      | Lost mutation: You tend to lose your temper in combat. [potion of cure mutation]
  3499 | D:3      | Lost mutation: Scrolls take you a little longer to read. [potion of cure mutation]
  3499 | D:3      | Lost mutation: Your flesh is cold resistant. (rC+) [potion of cure mutation]
  3506 | D:3      | HP: 1/47 [orc/trident (4)]
  3506 | D:3      | Killed from afar by an orc priest

Skill      XL: |  1  2  3  4  5  6 |
---------------+-------------------+-----
Long Blades    | 3 4 |  4.5
Throwing       | 2 |  2.0
Armour         | 1 2 |  2.1
Dodging        | 3 |  3.3
Stealth        | 1 |  1.0
Fighting       | 3 |  3.0

Action                   |  1- 3 |  4- 6 || total
-------------------------+-------+-------++-------
Melee: Long sword        |    90 |   106 ||   196
       Mace              |       |    30 ||    30
  Use: Potion            |     2 |     3 ||     5
       Scroll            |       |    11 ||    11
 Stab: Sleeping          |     4 |     2 ||     6
  Eat: Pizza             |     1 |     1 ||     2
       Beef jerky        |     1 |       ||     1
       Fruit             |       |     2 ||     2
       Bread ration      |       |     1 ||     1
Armor: Leather armour    |    34 |    76 ||   110
Dodge: Dodged            |    63 |   161 ||   224
       Rpst.: Long sword |    22 |    26 ||    48
